 Dungeon Crawl Stone Soup version 0.27.1-2-g3b301248ec (webtiles) character file.

Game seed: 1838802759260663341

31 MisterFreud the Shield-Bearer (level 3, 0/35 HPs)
             Began as a Gnoll Fighter on Sept 28, 2021.
             Was a Follower of Wu Jian.
             Slain by Sigmund (3 damage)
             ... on level 2 of the Dungeon.
             The game lasted 00:01:02 (675 turns).

MisterFreud the Shield-Bearer (Gnoll Fighter)        Turns: 675, Time: 00:01:03

Health: 0/35       AC:  7    Str: 15    XL:     3   Next: 22%
Magic:  4/4        EV:  7    Int:  8    God:    Wu Jian [*.....]
Gold:   35         SH: 10    Dex: 11    Spells: 3/3 levels left

rFire    . . .     SeeInvis .   f - +2 short sword (flame)
rCold    . . .     Faith    .   c - +0 kite shield
rNeg     . . .     Spirit   .   b - +0 scale mail
rPois    .         Reflect  .   (no helmet)
rElec    .         Harm     .   (no cloak)
rCorr    .         Rampage  .   (no gloves)
Will     .....                  (no boots)
Stlth    ..........             (no amulet)
HPRegen  0.11/turn              (no ring)
MPRegen  0.09/turn              (no ring)

@: no status effects
A: fangs 1, strong nose, distributed training
a: Renounce Religion


You were on level 2 of the Dungeon.
You worshipped Wu Jian.
Wu Jian was aware of your devotion.
You visited 1 branch of the dungeon, and saw 2 of its levels.

You collected 35 gold pieces.

Inventory:

Hand Weapons
 a - a +0 rapier
 f - a +2 short sword of flaming (weapon)
Armour
 b - a +0 scale mail (worn)
 c - a +0 kite shield (worn)
Scrolls
 e - a scroll of magic mapping {unknown}
Potions
 d - a potion of might


   Skills:
 + Level 6.5 Fighting
 + Level 4.5 Short Blades
 + Level 0.7 Long Blades
 + Level 0.7 Axes
 + Level 0.7 Maces & Flails
 + Level 0.7 Polearms
 + Level 0.7 Staves
 + Level 0.7 Slings
 + Level 0.7 Bows
 + Level 0.7 Crossbows
 + Level 0.7 Throwing
 + Level 6.5 Armour
 + Level 0.7 Dodging
 + Level 0.7 Stealth
 + Level 6.5 Shields
 + Level 0.7 Unarmed Combat
 + Level 0.7 Spellcasting
 + Level 0.5 Conjurations
 + Level 0.5 Hexes
 + Level 0.5 Summonings
 + Level 0.5 Necromancy
 + Level 0.5 Translocations
 + Level 0.5 Transmutations
 + Level 0.5 Fire Magic
 + Level 0.5 Ice Magic
 + Level 0.5 Air Magic
 + Level 0.5 Earth Magic
 + Level 0.5 Poison Magic
 + Level 0.9 Invocations
 + Level 0.7 Evocations


You had 3 spell levels left.
You didn't know any spells.
Your spell library contained the following spells:

 Spells                   Type           Power      Damage    Failure   Level
 Gell's Gravitas          Tloc           0%         N/A       100%        3
 Teleport Other           Tloc           1%         N/A       100%        3
 Dispersal                Tloc           0%         N/A       100%        6


Dungeon Overview and Level Annotations

Branches:
Dungeon (2/15)

Altars:
Uskayaw
Wu Jian

Annotations:
D:2 Sigmund


Innate Abilities, Weirdness & Mutations

You have very sharp teeth.
Your uncanny sense of smell can sniff out nearby items.
Your experience applies equally to all skills.


Message History

Sigmund flickers and vanishes!
Deactivating autopickup; reactivate with Ctrl-A.
No target in view!
No target in view!
You puncture the rat! You burn the rat.
You kill the rat!
The Council accepts your kill.
Found 11 gold pieces.
Found a stone staircase leading down.
You see here a rat corpse.
Found 13 gold pieces and a dented cameo amulet.
Something completely misses you.
You see here a rat corpse.
You hit something. You burn something. You hit something. You burn something.
Something hits you. Something freezes you.
You hit something. You burn something.
A bat comes into view.
Something hits you. Something freezes you.
You hit something. You burn something. You hit something. You burn something.
Something hits you! Something freezes you.
You closely miss something. You bite something.
The bat hits you but does no damage.
You hear some strange, mumbled words.
Something tries to affect you, but you resist.
You barely miss something. The bat hits you but does no damage.
You hear some strange, mumbled words.
A magic dart appears from out of thin air!
The magic dart hits you.
* * * LOW HITPOINT WARNING * * *
Your shield prevents you from hitting something.
Something hits you.
* * * LOW HITPOINT WARNING * * *
Something freezes you.
* * * LOW HITPOINT WARNING * * *
The bat completely misses you.
You closely miss something. The bat hits you.
* * * LOW HITPOINT WARNING * * *
Something hits you.
You die...

#..... #...... ###
."..... #.### $..>...
#...## .......
########...## .......
##...#...#...###.......
###............{@........
.............#.###.......
##...........#..# .......
##...........##..<.......
.##.........###..{.......
.##.._.....## #........$.
.#......#### ...##......
............ #.#. ......
.†#####..).. ?...# #..


There were no monsters in sight!

Vanquished Creatures
  An adder (D:2)
  2 dart slugs
  An endoplasm (D:1)
  3 goblins (D:1)
  A hobgoblin (D:1)
  3 quokkas
  3 ball pythons (D:1)
  A frilled lizard (D:1)
  2 kobolds (D:2)
  2 rats
19 creatures vanquished.

Notes
Turn   | Place    | Note
-------+----------+-------------------------------------------
     0 | D:1      | MisterFreud the Gnoll Fighter began the quest for the Orb.
     0 | D:1      | Reached XP level 1. HP: 23/23 MP: 1/1
   182 | D:1      | Reached XP level 2. HP: 27/29 MP: 2/2
   292 | D:1      | Found a faded altar of an unknown god.
   292 | D:1      | Noticed a green death
   302 | D:1      | Became a worshipper of the Wu Jian Council
   302 | D:1      | Reached * piety under Wu Jian
   593 | D:2      | Found a hide-covered altar of Uskayaw.
   624 | D:2      | Reached XP level 3. HP: 34/35 MP: 3/3
   658 | D:2      | Noticed Sigmund
   675 | D:2      | Slain by Sigmund

Illustrated notes

Levels and vault maps discovered:
D:1:      nicolae_arrival_memento_mori, layout_rooms,
          dreamdust_ecumenical_altar_sealed_demon, patterned_corridor
D:2:      layout_rooms, basic_altar, minmay_hexomino_r4, uniq_sigmund,
          uniq_crazy_yiuf_cottage

Action                   || total
-------------------------++-------
Melee: Rapier            ||    54
       Bite              ||     5
       Short sword       ||    18
Invok: Lunge             ||     3
Armor: Scale mail        ||    20
Dodge: Dodged            ||    17
Block: Kite shield       ||    26
